 Dungeon Crawl Stone Soup version 0.31-a0-640-g39d97e502b (webtiles) character file.

Game seed: 3225155757308439797

735 HoaS the Ruffian (level 7, 0/56 HPs)
             Began as a Demigod Fighter on Aug 28, 2023.
             Splashed by a jelly's acid (4 damage)
             ... on level 5 of the Dungeon.
             The game lasted 00:12:39 (4411 turns).

HoaS the Ruffian (Demigod Fighter)                  Turns: 4411, Time: 00:12:39

Health: 0/56       AC: -5    Str: 25    XL:     7   Next: 21%
Magic:  9/9        EV: 10    Int: 10    God:
Gold:   258        SH:  5    Dex: 13    Spells: 6/6 levels left

rFire   . .          .
                       - Unarmed
rCold   . . .        b - +1 buckler
rNeg    . . .        j - +3 leather armour
rPois   .            (no helmet)
rElec   .            i - +0 cloak
rCorr   .            e - +2 pair of gloves
SInv    .            (no boots)
Will    .....        (no amulet)
Stlth   +            (no ring)
HPRegen 0.29/turn    (no ring)
MPRegen 0.11/turn

%: no passive effects
@: corroded
A: high MP 1, forlorn, divine attributes
a: no special abilities


You were on level 5 of the Dungeon.
You visited 1 branch of the dungeon, and saw 5 of its levels.

You collected 258 gold pieces.

Inventory:

Armour
 b - a +1 buckler (worn)
 e - a +2 pair of gloves (worn)
 i - a +0 cloak (worn)
 j - a +3 leather armour (worn)
Wands
 f - a wand of light (7)
 g - a wand of flame (1)
 h - a wand of iceblast (12)
Scrolls
 a - a scroll of revelation
 c - a scroll of fog
 d - 2 scrolls of fear
 k - 2 scrolls of blinking
 m - a scroll of identify
 o - a scroll of teleportation {unknown}
 q - a scroll of poison {unknown}
Potions
 l - 3 potions of attraction
 n - a potion of degeneration {unknown}


   Skills:
 - Level 2.6 Fighting
 - Level 2.6 Armour
 - Level 2.6 Shields
 + Level 7.8 Unarmed Combat


You had 6 spell levels left.
You didn't know any spells.
Your spell library contained the following spells:

 Spells                   Type           Power      Damage    Failure   Level
 Foxfire                  Conj/Fire      0%         2x1d4     45%         1
 Plasma Beam              Fire/Air       0%         2x1d10    100%        6
 Starburst                Conj/Fire      0%         6d3       100%        6


Dungeon Overview and Level Annotations

Branches:
Dungeon (5/15)
 Temple: D:4-7


Innate Abilities, Weirdness & Mutations

You have an increased reservoir of magic. (+10% MP)
You shall have no god before yourself.
Your divine heritage dramatically boosts your attributes as you level up.


Message History

The jelly is almost dead.
You block the jelly's attack.
You hit the jelly but do no damage.
Your hands burn!
The jelly is almost dead.
You block the jelly's attack.
You are too injured to fight recklessly!
You hit the jelly but do no damage.
Your hands burn!
The jelly is almost dead.
The jelly misses you.
You hit the jelly.
You kill the jelly!
You start resting.
A jelly is nearby!
A jelly is nearby!
A jelly is nearby!
A jelly is nearby!
The jelly quivers.
The jelly hits you. The acid corrodes you!
You are splashed with acid.
You hit the jelly but do no damage.
Your hands burn!
The jelly hits you.
You are splashed with acid!
* * * LOW HITPOINT WARNING * * *
You hit the jelly but do no damage.
Your hands burn!
* * * LOW HITPOINT WARNING * * *
You block the jelly's attack.
You hit the jelly but do no damage.
Your hands burn!
* * * LOW HITPOINT WARNING * * *
The jelly barely misses you.
You hit the jelly but do no damage.
Your hands burn!
* * * LOW HITPOINT WARNING * * *
The jelly closely misses you.
You feel better. The jelly barely misses you.
You punch the jelly!
Your hands burn!
* * * LOW HITPOINT WARNING * * *
The jelly is heavily wounded.
The jelly hits you.
* * * LOW HITPOINT WARNING * * *
You are splashed with acid!
* * * LOW HITPOINT WARNING * * *
You hit the jelly but do no damage.
Your hands burn!
You die...

......#..#.....
# ...^.#..#.....
#
#####..#..#..###
#
#....J.#..#.....
#
#......#..#.....
#
#..#####..#####.
#
#......#..#.....
#
#....J.#..#.....
#
#####@.#..#..###
#
#......#..#.....
#
#......#..#.....
#
#.†#####..#####.
#
#...............
#
#...............
#
################


You could see a jelly.

Vanquished Creatures
  A water moccasin (D:4)
  A phantom (D:4)
  A jelly (D:5)
  Crazy Yiuf (D:4)
  An orc priest (D:4)
  A hound (D:4)
  3 sleepcaps (D:5)
  5 orc wizards
  4 gnolls
  7 adders
  An ufetubus (D:5)
  5 worms
  15 orcs
  9 endoplasms
  6 giant cockroaches
  4 goblins
  6 hobgoblins
  11 jackals
  8 kobolds
  7 quokkas
  5 ball pythons
  2 bats (D:3)
  2 frilled lizards
  6 rats
112 creatures vanquished.

Notes
Turn   | Place    | Note
-------+----------+-------------------------------------------
     0 | D:1      | HoaS the Demigod Fighter began the quest for the Orb.
     0 | D:1      | Reached XP level 1. HP: 18/18 MP: 3/3
    60 | D:1      | Reached skill level 2 in Unarmed Combat
   216 | D:1      | Reached XP level 2. HP: 16/25 MP: 4/4
   693 | D:2      | Reached skill level 3 in Unarmed Combat
   886 | D:2      | Reached XP level 3. HP: 27/30 MP: 5/5
  1589 | D:3      | Noticed a blizzard demon
  1592 | D:3      | Noticed a smoke demon
  1592 | D:3      | Noticed an orange demon
  1606 | D:3      | Reached skill level 4 in Unarmed Combat
  1846 | D:3      | Reached XP level 4. HP: 18/37 MP: 6/6
  2779 | D:4      | Noticed a phantom
  2789 | D:4      | Reached skill level 5 in Unarmed Combat
  2789 | D:4      | Reached XP level 5. HP: 15/42 MP: 7/7
  2791 | D:5      | Entered Level 5 of the Dungeon
  2796 | D:5      | Noticed a water moccasin
  3019 | D:4      | Reached skill level 6 in Unarmed Combat
  3220 | D:4      | Found a runed translucent door.
  3221 | D:4      | Noticed Crazy Yiuf
  3230 | D:4      | Killed Crazy Yiuf
  3231 | D:4      | Reached XP level 6. HP: 15/50 MP: 8/8
  3392 | D:4      | Killed a water moccasin
  3545 | D:5      | Reached skill level 7 in Unarmed Combat
  3769 | D:5      | Reached XP level 7. HP: 56/56 MP: 9/9
  4408 | D:5      | HP: 2/56 [acid (3)]
  4411 | D:5      | Splashed by a jelly's acid

Illustrated notes

Levels and vault maps discovered:
D:1:      amcnicky_arrival_gap_in_the_tavern_cellar, layout_rooms,
          skrybe_limestone_x
D:2:      layout_loops_ring
D:3:      layout_loops_cross, makhleb_altar_promises_db
D:4:      layout_basic, trog_three_pillars_becter, uniq_crazy_yiuf_cottage
D:5:      kennysheep_windowed_halls, layout_basic,
          minmay_misc_feat_secret_circle

Skill      XL: |  1  2  3  4  5  6 |
---------------+-------------------+-----
Unarmed Combat | 2 3 4 5 6 7 |  7.8
Fighting       | |  2.6
Armour         | |  2.6
Shields        | |  2.6

Action                     |  1- 3 |  4- 6 |  7- 9 || total
---------------------------+-------+-------+-------++-------
  Melee: Unarmed           |   231 |   190 |    83 ||   504
    Use: Scroll            |     9 |     4 |       ||    13
         Potion            |       |     4 |     1 ||     5
   Stab: Sleeping          |       |     1 |       ||     1
 Armour: Scale mail        |    62 |    11 |       ||    73
         Leather armour    |       |    48 |    40 ||    88
  Dodge: Dodged            |    90 |    90 |    33 ||   213
  Block: Buckler           |    35 |    29 |    19 ||    83

Table legend: (Time is in decaauts)
 A = Elapsed time spent in this place.
 B = Non-inter-level travel time spent in this place.
 C = Inter-level travel time spent in this place.
 D = Time resting spent in this place.
 E = Time spent auto-exploring this place.
 F = Levels seen in this place.
 G = Mean time per level.
                   A        B        C        D        E       F      G
               +--------+--------+--------+--------+--------+-----+--------+
         Total |   4383 |   4180 |    203 |   1014 |   2277 |   5 |  876.6 |
       Dungeon |   4383 |   4180 |    203 |   1014 |   2277 |   5 |  876.6 |
               +--------+--------+--------+--------+--------+-----+--------+

Top non-repeatable levels by time:
     D:4: 1073 daAuts
     D:2: 1003 daAuts
     D:3: 905 daAuts
     D:5: 882 daAuts
     D:1: 517 daAuts
